Map: 赛博森林-天梯版

Players

msrm

  • Race: Zerg Zerg
  • League: Master

Neeb - Winner!

  • Race: Protoss Protoss

Event: WESG 2018 Grand Finals

VOD

Have the link to the VOD?

Description

Time

  • Played on: March 11, 2019, 6:03 a.m.
  • Length: 4:55

All games in this series

Show
View Real Time Build Order
Export as new Build Order

msrm Zerg 

Build Orders: Pool First 

Get SALT Encoding   

  12  0:00  Drone  
  13  0:12  Overlord  
  13  0:16  Drone  
  14  0:30  Drone x2  
  14  0:34  Drone  
  17  0:44  Extractor  
  17  0:47  Spawning Pool  
  17  0:49  Drone  
  16  0:55  Drone  
  17  1:08  Drone  
  18  1:16  Drone  
  19  1:24  Hatchery  
  18  1:27  Drone  
  19  1:35  Queen  
  21  1:40  Zergling x2  
  22  1:50  Metabolic Boost  
  22  1:58  Roach Warren  
  21  2:10  Overlord  
  21  2:34  Zergling x2  
  22  2:37  Queen  
  22  2:39  Roach x3  
  30  2:44  Zergling x4  
  30  2:45  Zergling x2  
  33  3:05  Ravager  
  33  3:08  Ravager  
  33  3:09  Overlord  
  33  3:10  Zergling x2  
  34  3:38  Roach  
  34  3:39  Zergling x10  
  35  3:58  Overlord, Zergling x2  
  35  3:59  Overlord  
  36  4:17  Drone x3  
  36  4:18  Drone x4  
  40  4:40  Drone x4  
Show
View Real Time Build Order
Export as new Build Order

Neeb Protoss - Winner!

Build Orders: 1 Gate Expand 

Get SALT Encoding   

  12  0:01  Probe  
  13  0:13  Probe  
  14  0:19  Pylon  
  14  0:25  Probe  
  15  0:33  Probe  
  15  0:40  Gateway  
  15  0:41  Probe  
  17  0:50  Assimilator  
  17  0:51  Probe  
  18  1:03  Probe  
  19  1:16  Probe  
  20  1:27  Nexus  
  20  1:37  Cybernetics Core  
  20  1:40  Probe  
  20  1:45  Assimilator  
  21  1:52  Probe  
  22  1:54  Pylon  
  22  2:02  Probe  
  22  2:03  Adept  
  23  2:10  Probe  
  26  2:19  Probe  
  26  2:24  Stargate  
  26  2:25  Adept  
  27  2:31  Probe  
  30  2:38  Warp Gate  
  30  2:39  Probe  
  30  2:43  Probe  
  32  2:51  Probe  
  33  2:53  Adept  
  33  2:55  Probe  
  36  3:01  Void Ray  
  36  3:06  Gateway  
  40  3:18  Shield Battery  
  40  3:21  Pylon  
  40  3:28  Gateway  
  40  3:37  Void Ray  
  43  3:48  Probe  
  43  3:50  Probe  
  45  4:03  Gateway  
  45  4:06  Gateway  
  45  4:09  Probe x2  
  47  4:16  Oracle  
  47  4:21  Probe  
  51  4:29  Probe  
  52  4:31  Pylon  
  52  4:34  Probe  
  52  4:35  Pylon  
  53  4:42  Probe  
  54  4:49  Pylon  
  54  4:51  Pylon  
  55  4:53  Adept x2  
Tags
 
Add a new tag
Caveats
  • Supply blocks, unpowered buildings, or Contaminate may cause inaccurate times.
  • Supply counts are checked every 10 seconds.